 Dungeon Crawl Stone Soup version 0.21.0-3-g78d12a8 (webtiles) character file.

95526 mopl the Black Belt (level 16, -19/183 HPs)
             Began as a Barachi Transmuter on Jan 11, 2018.
             Was the Champion of Cheibriados.
             Killed from afar by an Ice Fiend (45 damage)
             ... with a bolt of cold
             ... in an ice cave on Jan 12, 2018.
             The game lasted 01:23:04 (25994 turns).

mopl the Black Belt (Barachi Transmuter)           Turns: 25994, Time: 01:23:05

Health: -19/183    AC: 28    Str: 26    XL:     16   Next: 14%
Magic:  17/29      EV:  2    Int: 34    God:    Cheibriados [******]
Gold:   1831       SH:  3    Dex: 30    Spells: 2/33 levels left

rFire    . . .     SeeInvis .     - Unarmed
rCold    . . .     Gourm    .   (no shield)
rNeg     + + +     Faith    .   (armour currently unavailable)
rPois    +         Spirit   .   (helmet currently unavailable)
rElec    .         Reflect  +   (cloak currently unavailable)
rCorr    .         Harm     .   (gloves currently unavailable)
MR       ++...     NoTele   +   (boots currently unavailable)
Stlth    ++........             Z - +3 amulet of reflection
HPRegen  0.40/turn              I - ring of protection from magic
MPRegen  0.21/turn              Y - ring of poison resistance

@: tree-form (expiring), very slow
A: +LOS, swims
a: Bend Time, Temporal Distortion, Slouch, Step From Time, Renounce Religion


You were in an ice cave.
You worshipped Cheibriados.
Cheibriados was exalted by your worship.
You were not hungry.
You were a tree.
You visited 5 branches of the dungeon, and saw 26 of its levels.
You also visited: Labyrinth, Sewer, Ice Cave and Volcano.

You collected 2592 gold pieces.
You spent 761 gold pieces at shops.

Inventory:

Missiles
 a - 646 arrows
 j - 6 throwing nets
 o - 8 poisoned needles
 E - 24 tomahawks
 K - 16 javelins (quivered)
Armour
 e - a +2 pair of boots (melded)
 w - a cursed +0 pair of gloves (melded)
 x - a +3 leather armour of fire resistance
 M - a +3 troll leather armour (melded) {Snorg}
 P - a +0 hat of intelligence (melded)
 R - a scarf of spirit shield (melded)
Jewellery
 I - a ring of protection from magic (left branch)
 Y - a ring of poison resistance (right branch)
 Z - a +3 amulet of reflection (around neck)
Wands
 b - a wand of flame (63)
 k - a wand of enslavement (6)
 l - a wand of scattershot (3)
 n - a wand of polymorph (26)
 q - a wand of clouds (4)
 y - a wand of iceblast (20)
 B - a wand of digging (12)
 F - a wand of disintegration (16)
 J - a wand of paralysis (32)
Scrolls
 f - 8 scrolls of teleportation
 i - 2 scrolls of magic mapping
 m - a scroll of blinking
 r - 4 scrolls of vulnerability {unknown}
 t - 13 scrolls of remove curse {unknown}
 C - a scroll of fear
Potions
 g - 3 potions of brilliance
 h - 11 potions of curing {unknown}
 p - 5 potions of flight
 s - 6 potions of agility
 u - 7 potions of magic
 v - 6 potions of might
 A - 2 potions of heal wounds
 H - 5 potions of resistance
 L - 3 potions of lignification {!q}
 O - a potion of invisibility
Miscellaneous
 G - 2 boxes of beasts
 N - a fan of gales
 W - a lamp of fire
Comestibles
 d - 34 rations


   Skills:
 - Level 10.0 Fighting
 + Level 7.9 Throwing
 - Level 11.0 Dodging
 + Level 15.6 Unarmed Combat
 + Level 9.0 Spellcasting
 - Level 6.0 Hexes
 - Level 7.0 Translocations
 - Level 10.0 Transmutations
 - Level 3.1 Ice Magic
 + Level 1.8 Earth Magic
 - Level 2.0 Poison Magic
 * Level 11.0 Invocations
 + Level 2.7 Evocations


You had 2 spell levels left.
You knew the following spells:

 Your Spells              Type           Power        Failure   Level  Hunger
a - Beastly Appendage     Tmut           ######       1%          1    None
b - Spider Form           Tmut/Pois      ######....   1%          3    None
c - Blade Hands           Tmut           ######....   1%          5    ###....
d - Ice Form              Ice/Tmut       ######..     1%          4    None
e - Blink                 Tloc           N/A          1%          2    None
f - Petrify               Tmut/Erth      ######..     2%          4    None
w - Sticks to Snakes      Tmut           ######..     1%          2    None
y - Yara's Violent Unrav  Hex/Tmut       ######....   3%          5    ###....
C - Confusing Touch       Hex            ######       1%          1    None
P - Passage of Golubria   Tloc           N/A          1%          4    None


Dungeon Overview and Level Annotations

Branches:
Dungeon (15/15)            Temple (1/1) D:7            Lair (6/6) D:10
 Shoals (2/4) Lair:2        Snake (0/4) Lair:3        Slime (0/5) Lair:5
    Orc (2/2) D:10            Elf (0/3) Orc:2        Vaults (0/5) D:13
 Depths (0/5) D:15

Altars:
Cheibriados
Dithmenos
Fedhas
Gozag
Kikubaaqudgha
Makhleb
Nemelex Xobeh
Okawaru
Ru
Sif Muna
Trog
Uskayaw
Vehumet
Wu Jian
Xom
Yredelemnul
Zin
The Shining One

Shops:
D:10 (   D:14 }   Orc:2 [*[(

Annotations:
D:11 1 exclusion


Innate Abilities, Weirdness & Mutations

Shadows flee at your approach. (+LOS)
You can swim through water.
((You cover ground slowly.))
((You can hop long distances.))


Message History

The Ice Fiend freezes you!!!
* * * LOW HITPOINT WARNING * * *
You pummel the Ice Fiend!!
The Ice Fiend is severely wounded.
Your transformation is almost over.
The Ice Fiend claws you but does no damage. x2
You feel much better.
The Ice Fiend claws you but does no damage. x2
You hit the Ice Fiend but do no damage.
The Ice Fiend is severely wounded.
You smack the Ice Fiend!
The Ice Fiend is severely wounded.
The Ice Fiend gestures at you.
Helpless, you fail to dodge the bolt of cold.
* * * LOW HITPOINT WARNING * * *
You hit the Ice Fiend but do no damage.
The Ice Fiend is severely wounded.
The Ice Fiend gestures at you.
Helpless, you fail to dodge the bolt of cold.
You die...

##§§ .§§#.§. ##### #
#...§§###§§#.§###...## #
§§§§§§§§§§§#1§§§.....## #
§..§§§##§§§.§§##......# #
§§.§§§§##§§§§§.###....#
#§§§§§§§#§.§.§§..#....#
#§§§§§§####§.##1§...##
#§§§§..§.§##....###
##§§1♣.......### ###
##§§.§...#### ###.#
###..§###### ###....
##...### ####......
##...###########.........
##...##)..##.........#....
#..###)...........#.###...
#.§§##.....##..###### ##..
##§§####....##...# ###


You could see an Ice Fiend.

Vanquished Creatures
  An Ice Fiend (IceCv)
  Kirke (D:15)
  The ghost of wazuzu the Spear-Bearer, a journeyman CeSk of Okawaru (Lair:4)
  Snorg (Lair:3)
  A minotaur (Lab)
  A merfolk impaler (Shoals:2)
  The ghost of barbarian the Grappler, a journeyman TrMo of Cheibriados (Lair:1)
  A fire dragon (Lair:6)
  Harold (Lair:1)
  2 centaur warriors
  12 hydras
  Erica (D:8)
  3 two-headed ogres
  3 orc high priests (Orc:2)
  7 death yaks
  The ghost of ahub the Sneak, a novice DsFi of Dithmenos (D:8)
  Urug (D:10)
  A fire crab (Lair:6)
  2 skeletal warriors (Volcano)
  A sea snake (Shoals:2)
  2 unseen horrors
  A swamp dragon (Lair:6)
  5 orc knights
  A necromancer (D:13)
  13 ugly things
  The ghost of buskinjo the Chopper, a novice DsFi (D:6)
  2 anaconda skeletons (Volcano)
  4 orc sorcerers (Orc:2)
  2 manticores
  10 deep elf magi
  4 cyclopes
  A merfolk siren (Shoals:2)
  Maurice (D:8)
  A centaur zombie (D:12)
  2 ice statues (IceCv)
  A guardian serpent (Lair:3)
  Psyche (D:8)
  11 spiny frogs
  2 centaur skeletons
  5 black mambas
  A torpor snail (Lair:6)
  7 gargoyles
  5 rime drakes
  14 ice devils (IceCv)
  4 komodo dragons
  A merfolk (Shoals:2)
  A polar bear (Lair:2)
  8 trolls
  6 hornets
  A harpy skeleton (Volcano)
  5 blink frogs (Lair:5)
  A snapping turtle (Shoals:2)
  15 hippogriffs
  2 shadows (D:11)
  2 flying skulls (Volcano)
  12 spriggans (Lair:3)
  2 centaur simulacra
  2 wraiths
  3 alligator skeletons (Volcano)
  32 yaks
  2 wyverns
  2 basilisks
  A steam dragon (Lair:6)
  2 vampire mosquitoes (D:14)
  A hungry ghost (D:10)
  3 wargs
  14 water moccasins
  An acid dragon (Lair:6)
  Purgy (D:4)
  23 orc warriors
  11 porcupines
  2 swamp drakes (Lair:6)
  2 necrophages
  A black bear (D:13)
  6 sky beasts
  2 ice beasts
  2 phantoms
  10 ogres
  2 eyes of draining
  20 centaurs
  3 boggarts (Lair:3)
  12 crocodiles
  3 big kobolds
  21 bullfrogs
  A wyvern skeleton (D:9)
  2 scorpions
  16 killer bees
  6 wights
  2 spriggan skeletons (Volcano)
  3 electric eels
  4 howler monkeys
  7 crimson imps
  2 bullfrog zombies (D:8)
  7 hounds
  23 orc wizards
  22 orc priests
  2 jellies
  A bullfrog skeleton (D:7)
  4 iguanas
  9 worker ants
  Natasha (thrice) (D:4)
  3 naga skeletons (Volcano)
  A hound zombie (D:7)
  Robin (D:2)
  8 adders
  9 gnolls
  A shadow imp (D:5)
  4 white imps (IceCv)
  11 ufetubi (IceCv)
  An ooze (D:4)
  An adder skeleton (D:5)
  An adder zombie (D:6)
  5 worms
  13 leopard geckos
  90 orcs
  A ball python (D:1)
  3 bats
  8 giant cockroaches
  16 goblins
  8 hobgoblins
  10 jackals
  6 quokkas
  3 frilled lizards
  A jackal skeleton (D:5)
  11 kobolds
  A leopard gecko skeleton (D:4)
  A quokka zombie (D:7)
  10 rats
  5 fungi
  3 plants
734 creatures vanquished.

Vanquished Creatures (others)
  A flying skull (Volcano)
  4 humans (D:15)
  A hungry ghost (D:15)
  A centaur (D:9)
  A hound (D:8)
  An adder (D:8)
  A white imp (IceCv)
  An ufetubus (IceCv)
  An orc (Orc:2)
  A giant cockroach (D:8)
  A quokka zombie (D:8)
  6 fungi
  11 plants
31 creatures vanquished.

Grand Total: 765 creatures vanquished

Notes
Turn   | Place    | Note
-------+----------+-------------------------------------------
     0 | D:1      | mopl the Barachi Transmuter began the quest for the Orb.
     0 | D:1      | Reached XP level 1. HP: 15/15 MP: 3/3
   449 | D:1      | Reached XP level 2. HP: 18/21 MP: 3/5
   589 | D:1      | Learned a level 2 spell: Sticks to Snakes
  1008 | D:1      | Reached skill level 4 in Unarmed Combat
  1418 | D:1      | Reached XP level 3. HP: 11/26 MP: 4/6
  1423 | D:1      | Learned a level 3 spell: Spider Form
  1767 | D:2      | Noticed Robin
  1869 | D:2      | Killed Robin
  1987 | D:2      | Reached skill level 3 in Transmutations
  2048 | D:2      | Found a sacrificial altar of Ru.
  2083 | D:2      | Reached skill level 1 in Poison Magic
  2083 | D:2      | Reached XP level 4. HP: 32/32 MP: 3/7
  2684 | D:3      | Found a glowing drain.
  2703 | Sewer    | Entered a sewer
  2745 | Sewer    | Noticed a big kobold
  2792 | Sewer    | Killed a big kobold
  2792 | Sewer    | Reached skill level 5 in Unarmed Combat
  2792 | Sewer    | Reached XP level 5. HP: 21/37 MP: 5/8
  2859 | Sewer    | Found a white marble altar of Elyvilon.
  3039 | D:3      | Reached skill level 2 in Poison Magic
  3967 | D:4      | Reached XP level 6. HP: 43/43 MP: 10/10
  3973 | D:4      | Learned a level 4 spell: Ice Form
  4035 | D:4      | Noticed Purgy
  4047 | D:4      | Killed Purgy
  4047 | D:4      | Reached skill level 6 in Unarmed Combat
  4047 | D:4      | Reached skill level 3 in Spellcasting
  4047 | D:4      | Reached skill level 4 in Transmutations
  4047 | D:4      | Reached skill level 1 in Ice Magic
  4546 | D:4      | Noticed Natasha
  4553 | D:4      | Killed Natasha
  4603 | D:4      | Reached XP level 7. HP: 34/48 MP: 7/11
  4869 | D:4      | Noticed Natasha
  4874 | D:4      | Killed Natasha
  4874 | D:4      | Reached skill level 2 in Ice Magic
  4998 | D:4      | Noticed Natasha
  5011 | D:4      | Killed Natasha
  5035 | D:5      | Entered Level 5 of the Dungeon
  5078 | D:5      | Found a radiant altar of Vehumet.
  5140 | D:5      | Reached skill level 7 in Unarmed Combat
  5463 | D:5      | Reached skill level 3 in Ice Magic
  5595 | D:5      | Reached skill level 5 in Transmutations
  5595 | D:5      | Reached XP level 8. HP: 52/54 MP: 3/12
  5987 | D:5      | Reached skill level 2 in Fighting
  5987 | D:5      | Reached skill level 8 in Unarmed Combat
  6242 | D:6      | Found a glowing golden altar of the Shining One.
  6251 | D:6      | Found an opulent altar of Gozag.
  6251 | D:6      | Found a sparkling altar of Nemelex Xobeh.
  6251 | D:6      | Found a hide-covered altar of Uskayaw.
  6252 | D:6      | Found a bloodstained altar of Trog.
  6255 | D:6      | Found a glowing silver altar of Zin.
  6257 | D:6      | Found a deep blue altar of Sif Muna.
  6466 | D:6      | Noticed buskinjo's ghost (novice DsFi)
  6528 | D:6      | Reached skill level 3 in Dodging
  6984 | D:7      | Reached skill level 3 in Fighting
  7372 | D:7      | Reached skill level 6 in Transmutations
  7372 | D:7      | Reached XP level 9. HP: 25/64 MP: 11/14
  7593 | D:7      | Reached skill level 9 in Unarmed Combat
  7593 | D:7      | Reached skill level 4 in Spellcasting
  7601 | D:7      | Learned a level 5 spell: Blade Hands
  7710 | D:7      | Reached skill level 4 in Dodging
  7724 | D:7      | Reached skill level 4 in Fighting
  8705 | D:7      | Found a staircase to the Ecumenical Temple.
  8713 | Temple   | Entered the Ecumenical Temple
  8722 | Temple   | Became a worshipper of Cheibriados the Contemplative
  8885 | D:8      | Found a shadowy altar of Dithmenos.
  8893 | D:8      | Noticed Psyche
  8902 | D:8      | Killed Psyche
  8902 | D:8      | Reached skill level 5 in Fighting
  8902 | D:8      | Reached skill level 10 in Unarmed Combat
  8902 | D:8      | Reached skill level 1 in Invocations
  8909 | D:8      | Reached skill level 5 in Dodging
  8972 | D:8      | Noticed ahub's ghost (novice DsFi)
  9273 | D:8      | Killed ahub's ghost
  9273 | D:8      | Reached skill level 7 in Transmutations
  9273 | D:8      | Reached skill level 2 in Invocations
  9273 | D:8      | Reached XP level 10. HP: 49/76 MP: 11/16
  9303 | D:8      | Noticed Erica
  9577 | D:8      | Found a shimmering altar of Xom.
  9611 | D:8      | Reached * piety under Cheibriados
  9656 | D:8      | Noticed Maurice
  9891 | D:9      | Reached skill level 6 in Fighting
  9940 | D:9      | Reached skill level 6 in Dodging
  9940 | D:9      | Reached skill level 5 in Spellcasting
  9951 | D:9      | Reached skill level 11 in Unarmed Combat
 10075 | D:9      | Reached skill level 3 in Invocations
 10479 | D:9      | Learned a level 2 spell: Blink
 10726 | D:10     | Entered Level 10 of the Dungeon
 10743 | D:10     | Reached skill level 8 in Transmutations
 10828 | D:10     | Reached ** piety under Cheibriados
 10910 | D:9      | Learned a level 1 spell: Confusing Touch
 10922 | D:9      | Reached skill level 1 in Translocations
 10977 | D:10     | Reached XP level 11. HP: 64/83 MP: 18/18
 11061 | D:10     | Reached *** piety under Cheibriados
 11087 | D:10     | Found a staircase to the Orcish Mines.
 11155 | D:10     | Reached skill level 1 in Hexes
 11166 | D:10     | Reached skill level 7 in Fighting
 11196 | D:10     | Reached skill level 2 in Translocations
 11290 | D:10     | Found a staircase to the Lair.
 11667 | D:10     | Found Igim's Weapon Emporium.
 12054 | D:11     | Reached skill level 2 in Hexes
 12062 | D:11     | Reached **** piety under Cheibriados
 12115 | D:11     | Reached skill level 4 in Invocations
 12209 | D:11     | Noticed a two-headed ogre
 12220 | D:11     | Killed a two-headed ogre
 12261 | D:11     | Reached skill level 7 in Dodging
 12261 | D:11     | Reached skill level 12 in Unarmed Combat
 12283 | D:11     | Reached skill level 3 in Translocations
 12447 | Lair:1   | Entered Level 1 of the Lair of Beasts
 12523 | Lair:1   | Noticed Harold
 12533 | Lair:1   | Killed Harold
 12533 | Lair:1   | Reached skill level 3 in Hexes
 12631 | Lair:1   | Noticed barbarian's ghost (journeyman TrMo)
 12648 | Lair:1   | Killed barbarian's ghost
 12763 | Lair:1   | Noticed a seven-headed hydra
 12860 | Lair:1   | Noticed a six-headed hydra
 12875 | Lair:1   | Killed a six-headed hydra
 12875 | Lair:1   | Reached skill level 8 in Fighting
 12875 | Lair:1   | Reached skill level 9 in Transmutations
 12875 | Lair:1   | Reached XP level 12. HP: 84/92 MP: 15/19
 12992 | Lair:1   | Killed a seven-headed hydra
 12992 | Lair:1   | Reached skill level 5 in Invocations
 13297 | Lair:2   | Reached skill level 4 in Hexes
 13311 | Lair:2   | Reached ***** piety under Cheibriados
 13407 | Lair:1   | Reached skill level 8 in Dodging
 13410 | Lair:2   | Reached skill level 13 in Unarmed Combat
 13420 | Lair:2   | Noticed a five-headed hydra
 13434 | Lair:2   | Killed a five-headed hydra
 13538 | Lair:2   | Reached skill level 1 in Throwing
 13871 | Lair:2   | Found a staircase to the Shoals.
 14221 | Lair:3   | Reached skill level 9 in Fighting
 14312 | Lair:3   | Reached skill level 2 in Throwing
 14318 | Lair:3   | Found a staircase to the Snake Pit.
 14391 | Lair:3   | Reached skill level 5 in Hexes
 14391 | Lair:3   | Reached skill level 6 in Invocations
 14425 | Lair:3   | Noticed an eight-headed hydra
 14431 | Lair:3   | Killed an eight-headed hydra
 14433 | Lair:3   | Gained mutation: You can hop long distances. [Barachi growth]
 14433 | Lair:3   | Reached XP level 13. HP: 68/101 MP: 17/21
 14458 | Lair:3   | Found a dark tunnel.
 14464 | Volcano  | Entered a volcano
 14524 | Volcano  | Reached skill level 6 in Spellcasting
 14526 | Volcano  | Reached ****** piety under Cheibriados
 14531 | Volcano  | Reached skill level 3 in Throwing
 14835 | Volcano  | Reached skill level 9 in Dodging
 15017 | Lair:3   | Reached skill level 14 in Unarmed Combat
 15567 | Lair:3   | Found a glowing golden altar of the Shining One.
 15567 | Lair:3   | Noticed Snorg
 15639 | Lair:3   | Killed Snorg
 15639 | Lair:3   | Reached skill level 10 in Fighting
 15639 | Lair:3   | Reached skill level 4 in Translocations
 15921 | Lair:4   | Noticed wazuzu's ghost (journeyman CeSk)
 15921 | Lair:4   | Reached skill level 4 in Throwing
 15932 | Lair:4   | Killed wazuzu's ghost
 16222 | Lair:4   | Reached skill level 7 in Invocations
 16296 | Lair:4   | Reached skill level 6 in Hexes
 16522 | Lair:4   | Learned a level 4 spell: Passage of Golubria
 16726 | Lair:5   | Found a staircase to the Slime Pits.
 16773 | Lair:5   | Found a labyrinth entrance.
 16788 | Lab      | Entered a labyrinth
 17226 | Lab      | Noticed a minotaur
 17237 | Lab      | Killed a minotaur
 17245 | Lab      | Found the +4 skin of Zhor {rC+++}
 17282 | Lab      | Identified a +1 pair of boots of running (You found it in a labyrinth)
 17571 | Lair:5   | Reached XP level 14. HP: 110/110 MP: 23/23
 17669 | Lair:5   | Got a fine chain mail
 17680 | Lair:5   | Identified the +4 chain mail of Birdsong {Str+4 Dex+7 Stlth-} (You found it on level 5 of the Lair of Beasts)
 17808 | Lair:6   | Entered Level 6 of the Lair of Beasts
 18044 | Lair:6   | Reached skill level 5 in Throwing
 18086 | Lair:6   | Reached skill level 10 in Transmutations
 18132 | Lair:6   | Reached skill level 5 in Translocations
 18144 | Lair:6   | Reached skill level 8 in Invocations
 18270 | Lair:6   | Reached skill level 10 in Dodging
 18538 | Lair:6   | Identified a scroll of acquirement
 18572 | Lair:6   | Got a pitted cloak
 18583 | Lair:6   | Identified the +1 cloak of the Bull {*Corrode MR+ Int+8} (You acquired it on level 6 of the Lair of Beasts)
 18612 | Lair:6   | Reached skill level 7 in Spellcasting
 19414 | Lair:1   | Learned a level 5 spell: Yara's Violent Unravelling
 19579 | D:6      | Killed buskinjo's ghost
 19852 | D:8      | Killed Maurice
 20075 | D:8      | Killed Erica
 20297 | Orc:1    | Entered Level 1 of the Orcish Mines
 20297 | Orc:1    | Noticed Urug
 20388 | D:10     | Killed Urug
 20388 | D:10     | Reached skill level 6 in Translocations
 20612 | Orc:2    | Entered Level 2 of the Orcish Mines
 20612 | Orc:2    | Found a staircase to the Elven Halls.
 20757 | Orc:1    | Reached skill level 6 in Throwing
 20757 | Orc:1    | Reached skill level 9 in Invocations
 20936 | Orc:2    | Reached XP level 15. HP: 49/115 MP: 6/26
 21623 | Orc:2    | Reached skill level 15 in Unarmed Combat
 22088 | Orc:2    | Found Uqykh's Weapon Boutique.
 22088 | Orc:2    | Found Yrruc's Antique Armour Shoppe.
 22090 | Orc:2    | Found Jud Omam's Antique Armour Boutique.
 22090 | Orc:2    | Found Quur's Assorted Antiques.
 22102 | Orc:2    | Bought a pair of glowing boots for 202 gold pieces
 22108 | Orc:2    | Bought a scroll of blinking for 195 gold pieces
 22108 | Orc:2    | Bought a scroll labeled KYETOU MARAE for 26 gold pieces
 22108 | Orc:2    | Bought a scroll of teleportation for 78 gold pieces
 22108 | Orc:2    | Bought a lead wand for 104 gold pieces
 22108 | Orc:2    | Bought 2 potions of lignification for 156 gold pieces
 22820 | D:12     | Reached skill level 8 in Spellcasting
 23259 | D:13     | Reached skill level 11 in Dodging
 23312 | D:13     | Got a faintly glowing fustibalus
 23332 | D:13     | Reached skill level 7 in Translocations
 23379 | D:13     | Reached skill level 7 in Throwing
 23394 | D:13     | Reached skill level 10 in Invocations
 23600 | D:13     | Found a gate to the Vaults.
 24163 | D:14     | Found a blossoming altar of Fedhas.
 24482 | D:14     | Found Ovinuq's Gadget Boutique.
 24684 | D:15     | Entered Level 15 of the Dungeon
 24729 | D:15     | Noticed Kirke
 24820 | D:15     | Killed Kirke
 24820 | D:15     | Reached skill level 1 in Evocations
 24889 | D:15     | Found a staircase to the Depths.
 24889 | D:15     | Noticed a fire giant
 25106 | Lair:1   | Learned a level 4 spell: Petrify
 25174 | Shoals:1 | Entered Level 1 of the Shoals
 25203 | Shoals:1 | You fall through a shaft!
 25254 | Shoals:2 | Found a frozen archway.
 25315 | IceCv    | Entered an ice cave
 25363 | IceCv    | Reached skill level 1 in Earth Magic
 25363 | IceCv    | Reached skill level 2 in Evocations
 25383 | IceCv    | Reached XP level 16. HP: 122/122 MP: 28/28
 25533 | IceCv    | Reached skill level 9 in Spellcasting
 25731 | IceCv    | Noticed an Ice Fiend
 25739 | IceCv    | HP: 6/146 [Ice Fiend (4)]
 25966 | IceCv    | Killed an Ice Fiend
 25966 | IceCv    | Reached skill level 11 in Invocations
 25981 | IceCv    | Noticed an Ice Fiend
 25994 | IceCv    | Killed from afar by an Ice Fiend

Skill      XL: |  1  2  3  4  5  6  7  8  9 10 11 12 13 14 15 16 |
---------------+-------------------------------------------------+-----
Unarmed Combat | 4 5 6 7 8 10 11 12 13 14 15 | 15.6
Transmutations | 3 4 5 6 7 8 9 10 | 10.0
Poison Magic   | 1 2 |  2.0
Spellcasting   | 3 4 5 6 7 8 9 |  9.0
Ice Magic      | 1 3 |  3.1
Fighting       | 3 5 6 8 9 10 | 10.0
Dodging        | 3 5 6 7 8 9 10 11 | 11.0
Invocations    | 2 3 4 6 7 9 10 11 | 11.0
Translocations | 1 3 4 6 7 |  7.0
Hexes          | 3 5 6 |  6.0
Throwing       | 2 4 6 7 |  7.9
Evocations     | 2 |  2.7
Earth Magic    | 1 |  1.8

Action                   |  1- 3 |  4- 6 |  7- 9 | 10-12 | 13-15 | 16-18 || total
-------------------------+-------+-------+-------+-------+-------+-------++-------
Melee: Unarmed           |   111 |   166 |   303 |   543 |   987 |    75 ||  2185
       Kick              |     4 |       |       |       |       |       ||     4
       Headbutt          |     2 |       |       |       |       |       ||     2
       Punch             |     1 |     2 |     1 |    13 |    98 |     2 ||   117
Throw: Tomahawk          |       |       |       |     4 |    20 |       ||    24
       Javelin           |       |       |       |       |       |     5 ||     5
 Cast: Beastly Appendage |    13 |     1 |       |       |       |       ||    14
       Spider Form       |     5 |    21 |    20 |     2 |       |       ||    48
       Ice Form          |       |       |     9 |    29 |    26 |     7 ||    71
       Blade Hands       |       |       |     1 |    10 |    30 |       ||    41
       Sticks to Snakes  |       |       |       |     4 |       |       ||     4
       Blink             |       |       |       |       |     1 |       ||     1
Invok: Slouch            |       |       |       |       |     4 |     2 ||     6
       Bend Time         |       |       |       |       |     1 |       ||     1
       Temporal Distorti |       |       |       |       |     4 |     2 ||     6
 Abil: End Transformatio |       |     1 |     1 |    13 |    16 |     5 ||    36
       Hop               |       |       |     2 |     5 |     7 |       ||    14
Evoke: Wand              |       |       |       |       |     6 |       ||     6
  Use: Scroll            |       |     4 |     4 |     6 |    16 |     2 ||    32
       Potion            |       |     1 |     2 |     1 |     2 |     3 ||     9
 Stab: Sleeping          |     1 |     2 |     1 |     8 |     3 |       ||    15
       Invisible         |       |     2 |       |       |       |       ||     2
       Distracted        |       |       |       |     1 |     1 |       ||     2
  Eat: Chunk             |     5 |    12 |    17 |    20 |    23 |       ||    77
       Ration            |       |       |     1 |       |     3 |     1 ||     5
Armor: Robe              |    17 |     7 |     4 |     4 |       |       ||    32
       Skin              |     4 |     1 |    31 |    36 |    43 |    14 ||   129
       Troll leather arm |       |       |       |    25 |   100 |       ||   125
Dodge: Dodged            |    59 |   112 |   199 |   401 |   982 |    68 ||  1821
Block: Other             |       |       |       |    52 |   109 |    11 ||   172
       Reflection        |       |       |       |     5 |     6 |       ||    11
